 Dungeon Crawl Stone Soup version 0.19.0-2-gae57169 (webtiles) character file.

37 tv1990 the Skirmisher (level 3, -1/30 HPs)
             Began as a Formicid Monk on Nov 5, 2016.
             Slain by an adder (2 damage)
             ... on level 2 of the Dungeon.
             The game lasted 00:02:52 (874 turns).

tv1990 the Skirmisher (Formicid Monk)                Turns: 874, Time: 00:02:53

Health: -1/30      AC:  2    Str: 15    XL:     3   Next: 62%
Magic:  3/3        EV: 13    Int:  9    God:
Gold:   5          SH:  0    Dex: 14    Spells: 0 memorised, 2 levels left

rFire  . . .     SeeInvis +     h - +0 whip
rCold  . . .     Gourm    .     b - +0 robe
rNeg   . . .     Faith    .     (no shield)
rPois  .         Spirit   .     (helmet unavailable)
rElec  .         Reflect  .     (no cloak)
rCorr  .         Harm     .     (no gloves)
MR     .....                    (no boots)
Stlth  ++........               (no amulet)
                                (no ring)
                                (no ring)

@: lethally poisoned (-1 -> -11), flying
A: permanent stasis, dig shafts and tunnels, four strong arms, antennae 3,
talons 1
a: Dig, Shaft Self


You were on level 2 of the Dungeon.
You were not hungry.

You visited 1 branch of the dungeon, and saw 2 of its levels.

You collected 5 gold pieces.

Inventory:

Hand Weapons
 a - a +0 mace
 h - a +0 whip (weapon)
Armour
 b - a +0 robe (worn)
 i - a +0 pair of gloves
Scrolls
 e - a scroll of amnesia {unknown}
Comestibles
 c - 2 bread rations
 f - 11 chunks of flesh


   Skills:
 + Level 3.7 Fighting
 * Level 3.7 Maces & Flails
 + Level 1.3 Armour
 - Level 2.6 Dodging
 - Level 2.4 Stealth


You had 2 spell levels left.
You didn't know any spells.

Dungeon Overview and Level Annotations

Branches:
Dungeon (2/15)

Altars:
Ru


Innate Abilities, Weirdness & Mutations

You are under a permanent stasis effect.
You can dig through walls and to a lower floor.
Your four strong arms can wield two-handed weapons with a shield.
You have a pair of large antennae on your head. (SInv)
You have sharp toenails.


Message History

You completely miss the adder.
The adder is severely wounded.
The adder barely misses you.
You barely miss the adder.
The adder is severely wounded.
You feel sick. The adder bites you.
* * * LOW HITPOINT WARNING * * *
You are more poisoned.
The adder poisons you! The adder closely misses you.
It was a potion of flight.
You feel very buoyant.
You fly up into the air.
* * * LOW HITPOINT WARNING * * *
You feel sick. The adder bites you but does no damage.
It was a potion of beneficial mutation.
Your toenails lengthen and sharpen.
You feel fantastic!
* * * LOW HITPOINT WARNING * * *
You feel sick. The adder bites you.
You die...

#.#.... #####.....
...#....# #.......#
#.......# . #.......#######
.. #..S.........# ..# #@#
#.# .. #.# #.#
#####.#.########.#
..............##.#######
......#....##.......)...
......#....##.#..#######
........................
....######....###...#######
.... .....#.###(..#


You could see an adder.

Vanquished Creatures
  A dart slug (D:1)
  3 leopard geckos (D:1)
  A ball python (D:1)
  2 giant cockroaches
  4 hobgoblins
  3 jackals (D:2)
  5 bats
  A frilled lizard (D:1)
  2 goblins (D:1)
  6 kobolds
  2 rats (D:1)
30 creatures vanquished.

Notes
Turn   | Place    | Note
-------+----------+-------------------------------------------
     0 | D:1      | tv1990 the Formicid Monk began the quest for the Orb.
     0 | D:1      | Reached XP level 1. HP: 18/18 MP: 1/1
   123 | D:1      | Reached XP level 2. HP: 22/24 MP: 2/2
   317 | D:1      | Reached XP level 3. HP: 26/29 MP: 3/3
   664 | D:1      | Reached skill level 1 in Armour
   751 | D:2      | Found a sacrificial altar of Ru.
   873 | D:2      | HP: 1/30 [poisoned by an adder]
   874 | D:2      | Gained mutation: You have sharp toenails. [potion of beneficial mutation]
   874 | D:2      | Slain by an adder

Skill      XL: |  1  2  3 |
---------------+----------+-----
Armour         | 1 |  1.3
Fighting       | |  3.7
Maces & Flails | |  3.7
Dodging        | |  2.6
Stealth        | |  2.4

Action                   || total
-------------------------++-------
Melee: Mace              ||    51
       Whip              ||    36
  Use: Potion            ||     2
 Stab: Sleeping          ||     8
       Paralysed         ||     2
Armor: Robe              ||    19
Dodge: Dodged            ||    69

Table legend:
 A = Turns spent in this place as a percentage of turns spent in the entire game.
 B = Non-inter-level travel turns spent in this place as a percentage of non-inter-level travel turns spent in the entire game.
 C = Inter-level travel turns spent in this place as a percentage of turns spent in this place.
 D = Turns resting spent in this place as a percentage of non-inter-level travel turns spent in this place.
 E = Turns spent auto-exploring this place as a percentage of non-inter-level travel turns spent in this place.
 F = Non-inter-level travel turns spent in this place divided by the number of levels of this place that you've seen.
                   A       B       C       D       E      F
               +-------+-------+-------+-------+-------+----------------------
         Total | 100.0 | 100.0 |   0.4 |   0.0 |  21.2 | 137.0
       Dungeon | 100.0 | 100.0 |   0.4 |   0.0 |  21.2 | 137.0
               +-------+-------+-------+-------+-------+----------------------

Table legend:
 A = Kills in this place as a percentage of kills in entire the game.
 B = Kills by you in this place as a percentage of kills by you in the entire game.
 C = Kills by friends in this place as a percentage of kills by friends in the entire game.
 D = Other kills in this place as a percentage of other kills in the entire game.
 E = Experience gained in this place as a percentage of experience gained in the entire game.
 F = Experience gained in this place divided by the number of levels of this place that you have seen.
                   A       B       C       D       E      F
               +-------+-------+-------+-------+-------+----------------------
         Total | 100.0 | 100.0 |  -nan |  -nan | 100.0 |  27.0
       Dungeon | 100.0 | 100.0 |  -nan |  -nan | 100.0 |  27.0
               +-------+-------+-------+-------+-------+----------------------

Vault maps used:
D:1:      lightli_iron_boxes, wad_floor_pattern_untrapped, moated_statue
D:2:      grunt_temple_overflow_opulence, nicolae_ru_great_annihilating_truth,
          first_bread
